 Dungeon Crawl Stone Soup version 0.22.1 (webtiles) character file.

45 Heatsaber the Charmwright (level 3, -3/18 HPs)
             Began as a Vine Stalker Skald on Sept 18, 2018.
             Slain by a worm (5 damage)
             ... on level 2 of the Dungeon.
             The game lasted 00:05:10 (1369 turns).

Heatsaber the Charmwright (Vine Stalker Skald)      Turns: 1369, Time: 00:05:11

Health: -3/18      AC:  3    Str: 13 (14) XL:     3   Next: 64%
Magic:  0/7        EV: 12    Int: 10 (13) God:
Gold:   33         SH:  0    Dex: 12 (13) Spells: 3/6 levels left

rFire    . . .     SeeInvis .   a - +0 hand axe
rCold    . . .     Gourm    .   (no shield)
rNeg     . . .     Faith    .   b - +0 leather armour
rPois    .         Spirit   +   (no helmet)
rElec    .         Reflect  .   (no cloak)
rCorr    .         Harm     .   (no gloves)
MR       .....                  (no boots)
Stlth    +.........             (no amulet)
HPRegen  0.06/turn              (no ring)
MPRegen  0.10/turn              (no ring)

@: lethally poisoned (-3 -> -7), infused, flying
A: fangs 2, magic shield, antimagic bite, no potion heal 3, rot immunity
a: no special abilities


You were on level 2 of the Dungeon.
You were hungry.

You visited 1 branch of the dungeon, and saw 2 of its levels.

You collected 33 gold pieces.

Inventory:

Hand Weapons
 a - a +0 hand axe (weapon)
Armour
 b - a +0 leather armour (worn)
 c - a +0 buckler
Scrolls
 e - a scroll of teleportation {unknown}
 g - 2 scrolls of blinking {unknown}
 h - a scroll of remove curse {unknown}
 i - a scroll of identify {unknown}
Comestibles
 d - 2 rations


   Skills:
 + Level 2.0 Fighting
 + Level 2.3 Axes
 + Level 1.1 Armour
 + Level 2.1 Dodging
 - Level 0.1 Stealth
 + Level 2.3 Spellcasting
 + Level 3.3 Charms


You had 3 spell levels left.
You knew the following spells:

 Your Spells              Type           Power        Failure   Level  Hunger
a - Infusion              Chrm           #...         10%         1    ##.....
b - Song of Slaying       Chrm           #.......     14%         2    ###....

Your spell library contained the following spells:

 Spells                   Type           Power        Failure   Level  Hunger
 Shroud of Golubria       Chrm/Tloc      #.........   28%         2    ###....
 Regeneration             Chrm/Necr      #.........   50%         3    ####...
 Spectral Weapon          Hex/Chrm       #.......     50%         3    ####...


Dungeon Overview and Level Annotations

Branches:
Dungeon (2/15)

Altars:


Innate Abilities, Weirdness & Mutations

You have extremely sharp teeth.
When hurt, damage is shared between your health and your magic reserves.
Your bite disrupts and absorbs the magic of your enemies.
Potions cannot restore your health.
You are immune to rotting.


Message History

There is a lethal amount of poison in your body!
You fly downwards.
* * * LOW HITPOINT WARNING * * *
You feel sick.
There is a stone staircase leading up here.
A worm comes into view.
* * * LOW HITPOINT WARNING * * *
You feel sick.
* * * LOW HITPOINT WARNING * * *
You feel sick.
* * * LOW HITPOINT WARNING * * *
You feel sick. The worm barely misses you. The worm misses you.
You see here a ruby potion.
f - a ruby potion It was a potion of degeneration.
There was something very wrong with that liquid.
You feel weakened.
You feel dopey.
You feel clumsy. The worm bites you!
You die...

### #.. #.## #
#.@### .#
###.###.w..####.#
................##
####.###..........
##.###.......#
..............#
######......#...
#.#..<.###
#....#.#


You could see a worm.

Vanquished Creatures
  An adder (D:1)
  An ooze (D:1)
  2 dart slugs (D:1)
  A giant cockroach (D:1)
  5 goblins (D:1)
  3 hobgoblins (D:1)
  2 jackals (D:1)
  5 bats (D:1)
  2 frilled lizards (D:1)
  3 kobolds (D:1)
  5 rats (D:1)
30 creatures vanquished.

Notes
Turn   | Place    | Note
-------+----------+-------------------------------------------
     0 | D:1      | Heatsaber the Vine Stalker Skald began the quest for the
                  | Orb.
     0 | D:1      | Reached XP level 1. HP: 11/11 MP: 4/4
   142 | D:1      | Reached XP level 2. HP: 6/15 MP: 6/6
   503 | D:1      | Learned a level 2 spell: Song of Slaying
   602 | D:1      | Reached skill level 1 in Armour
   602 | D:1      | Reached XP level 3. HP: 17/18 MP: 0/7
  1369 | D:2      | Slain by a worm

Skill      XL: |  1  2  3 |
---------------+----------+-----
Dodging        | 2 |  2.1
Axes           | 2 |  2.3
Armour         | 1 |  1.1
Fighting       | 2 |  2.0
Stealth        | |  0.1
Spellcasting   | |  2.3
Charms         | |  3.3

Action                   || total
-------------------------++-------
Melee: Hand axe          ||    86
       Bite              ||    21
 Cast: Infusion          ||     2
  Use: Potion            ||     2
  Eat: Chunk             ||     1
Armor: Leather armour    ||    20
Dodge: Dodged            ||    64
